Map: Blackpink LE

Players

True - Winner!

  • Race: Zerg Zerg
  • League: Master
  • Spawn Location: 1:00

Zanster

  • Race: Zerg Zerg
  • Spawn Location: 7:00

Event: Memes & Dreams Invitational

VOD

Have the link to the VOD?

Description

Time

  • Played on: April 14, 2018, 1:52 a.m.
  • Length: 9:16

All games in this series

Show
View Real Time Build Order
Export as new Build Order

True Zerg - Winner!

Build Orders: Hatch First 

Get SALT Encoding   

  12  0:00  Drone  
  13  0:12  Overlord  
  13  0:17  Drone  
  14  0:30  Drone  
  14  0:31  Drone  
  14  0:34  Drone  
  17  0:52  Hatchery  
  17  0:55  Drone  
  17  0:57  Drone  
  18  1:05  Extractor  
  17  1:12  Spawning Pool  
  17  1:15  Drone  
  17  1:19  Drone  
  18  1:28  Drone  
  19  1:38  Overlord  
  19  1:59  Zergling x2, Queen  
  19  2:00  Zergling x2  
  23  2:04  Zergling x2  
  23  2:05  Metabolic Boost  
  23  2:07  Queen  
  27  2:22  Zergling x2  
  27  2:31  Zergling x2  
  27  2:32  Zergling x2  
  28  2:37  Zergling x4  
  28  2:43  Zergling x2  
  22  2:54  Zergling x2  
  17  3:07  Zergling x2  
  14  3:17  Zergling x2  
  14  3:23  Zergling x2  
  14  3:27  Zergling x2  
  16  3:31  Zergling x2  
  17  3:36  Zergling x2  
  17  3:40  Zergling x2  
  17  3:46  Zergling x2  
  16  3:53  Zergling x2  
  16  3:58  Zergling x2  
  17  4:03  Zergling x2  
  17  4:08  Zergling x2  
  19  4:14  Zergling x2  
  20  4:19  Zergling x2  
  20  4:24  Zergling x2  
  20  4:29  Zergling x2  
  22  4:35  Zergling x2  
  23  4:39  Zergling x2  
  23  4:44  Zergling x2  
  24  4:50  Zergling x2  
  20  5:10  Queen  
  20  5:14  Drone  
  23  5:18  Drone  
  24  5:24  Drone  
  25  5:29  Drone  
  25  5:33  Drone  
  25  5:40  Drone  
  26  5:44  Drone  
  26  5:46  Drone  
  27  5:55  Drone x2  
  26  5:57  Zergling x2  
  23  6:05  Queen  
  23  6:09  Zergling x2  
  26  6:11  Zergling x2  
  26  6:14  Zergling x2  
  26  6:17  Zergling x2  
  29  6:21  Zergling x2  
  30  6:28  Zergling x2  
  30  6:30  Zergling x2  
  32  6:34  Zergling x2  
  32  6:35  Zergling x4  
  33  6:40  Zergling x2  
  33  6:42  Zergling x2  
  34  6:49  Baneling Nest  
  34  6:53  Drone  
  34  6:54  Drone  
  35  7:02  Overlord  
  35  7:03  Drone  
  35  7:10  Drone  
  35  7:15  Overlord  
  35  7:20  Queen  
  35  7:23  Zergling x2  
  35  7:26  Zergling x2  
  34  7:31  Zergling x2  
  34  7:35  Zergling x2  
  36  7:42  Baneling x2  
  36  7:43  Zergling x2  
  37  7:44  Baneling x4  
  37  7:46  Zergling x2  
  37  7:53  Zergling x4  
  37  7:54  Zergling x4  
  41  8:00  Zergling x2  
  41  8:04  Zergling x2  
  43  8:09  Zergling x2  
  42  8:15  Zergling x2  
  42  8:19  Zergling x2  
  40  8:21  Zergling x2  
  40  8:22  Zergling x4  
  40  8:25  Zergling x2  
  44  8:31  Baneling  
  44  8:32  Baneling x3  
  44  8:33  Zergling x2  
  45  8:36  Zergling x2  
  44  8:46  Baneling  
  44  8:47  Drone x2  
  45  8:58  Drone x2, Hatchery  
  45  8:59  Drone x2  
  45  9:00  Baneling  
  45  9:02  Drone  
Show
View Real Time Build Order
Export as new Build Order

Zanster Zerg 

Build Orders: 1 Base Baneling Bust, Pool First 

Get SALT Encoding   

  12  0:09  Extractor  
  11  0:20  Spawning Pool  
  10  0:25  Drone  
  11  0:30  Drone  
  11  0:35  Drone  
  13  0:47  Overlord  
  13  1:08  Zergling x4  
  13  1:09  Zergling x2  
  16  1:13  Metabolic Boost  
  16  1:20  Zergling x2  
  17  1:30  Zergling x2  
  18  1:38  Baneling Nest  
  17  1:42  Zergling x2  
  18  1:53  Zergling x2  
  19  2:02  Zergling x2  
  20  2:23  Baneling x2  
  20  2:24  Zergling x2  
  20  2:25  Zergling x2  
  22  2:34  Overlord  
  22  2:35  Baneling  
  19  2:53  Queen, Zergling x2  
  20  3:02  Zergling x2  
  19  3:15  Zergling x2  
  19  3:19  Zergling x2  
  19  3:20  Baneling  
  19  3:32  Zergling x2  
  20  3:38  Hatchery  
  18  3:43  Zergling x2  
  19  3:52  Zergling x2  
  20  4:02  Zergling x2  
  20  4:06  Zergling x2  
  21  4:10  Zergling x4  
  23  4:20  Zergling x2  
  18  4:34  Zergling x8  
  18  4:36  Baneling  
  18  4:37  Baneling x2  
  18  4:54  Drone  
  18  4:55  Drone  
  18  4:59  Drone  
  20  5:11  Drone x3  
  23  5:19  Zergling x2  
  24  5:35  Drone x4  
  25  5:46  Baneling  
  25  5:47  Zergling x4  
  23  5:57  Zergling x2  
  23  5:58  Zergling x2  
  23  6:01  Drone  
  23  6:02  Drone  
  27  6:04  Drone  
  27  6:09  Drone  
  29  6:13  Drone  
  29  6:16  Drone  
  29  6:18  Baneling  
  31  6:21  Drone  
  31  6:23  Drone  
  32  6:28  Drone  
  32  6:31  Drone  
  34  6:35  Drone  
  34  6:42  Drone x2  
  34  6:45  Overlord  
  35  6:49  Zergling x2  
  36  7:03  Zergling x2  
  36  7:04  Zergling x8  
  39  7:09  Queen  
  33  7:27  Zergling x8  
  33  7:29  Overlord  
  35  7:35  Zergling x2  
  36  7:42  Baneling  
  36  7:43  Baneling  
  36  7:47  Queen  
  36  7:48  Zergling x2  
  36  7:49  Zergling x2  
  40  7:51  Zergling x2  
  40  7:56  Baneling x5  
  40  7:58  Zergling x2  
  42  8:06  Overlord  
  37  8:19  Zergling x10  
  38  8:23  Queen  
  39  8:28  Drone x2  
  39  8:31  Baneling  
  39  8:32  Drone x2  
  43  8:36  Baneling x2  
  40  8:43  Baneling x2  
  40  8:45  Drone x2  
  35  9:03  Drone x5  
Tags
 
Add a new tag
Caveats
  • Supply blocks, unpowered buildings, or Contaminate may cause inaccurate times.
  • Supply counts are checked every 10 seconds.